 Dungeon Crawl Stone Soup version 0.24-a0-108-g011bc4b (console) character file.

Game seed: 9075118548670757546

552 Voker57 the Slasher (level 7, -14/54 HPs)
             Began as a Demonspawn Gladiator on Feb 14, 2019.
             Killed by divine providence
             ... invoked by an orc priest
              (16 damage)
             ... on level 3 of the Dungeon.
             The game lasted 00:02:54 (2615 turns).

Voker57 the Slasher (Demonspawn Gladiator)          Turns: 2615, Time: 00:02:54

Health: -14/54     AC:  3    Str: 14    XL:     7   Next: 8%
Magic:  7/7        EV: 14    Int:  9    God:
Gold:   128        SH:  0    Dex: 17    Spells: 6/6 levels left

rFire    . . .     SeeInvis .   a - +0 long sword
rCold    . . .     Gourm    .   (no shield)
rNeg     . . .     Faith    .   m - +0 leather armour
rPois    .         Spirit   .   (helmet restricted)
rElec    .         Reflect  .   (no cloak)
rCorr    .         Harm     .   (no gloves)
MR       .....                  (no boots)
Stlth    ++........             (no amulet)
HPRegen  0.18/turn              (no ring)
MPRegen  0.10/turn              (no ring)

@: no status effects
A: horns 1, nightstalker 1, spiny 1
a: no special abilities


You were on level 3 of the Dungeon.
You were hungry.

You visited 1 branch of the dungeon, and saw 3 of its levels.

You collected 128 gold pieces.

Inventory:

Hand Weapons
 a - a +0 long sword (weapon)
 b - a +2 dagger of flaming
Missiles
 d - 3 throwing nets (quivered)
Armour
 c - a +0 helmet
 m - a +0 leather armour (worn)
Scrolls
 e - a scroll of magic mapping {unknown}
 g - 6 scrolls of identify {unknown}
 h - 2 scrolls of enchant armour {unknown}
 i - 2 scrolls of fear {unknown}
 j - 4 scrolls of remove curse {unknown}
 k - a scroll of amnesia {unknown}
 l - a scroll of teleportation {unknown}
Potions
 n - a potion of brilliance
 o - a potion of flight
 p - a potion of lignification {unknown}
 q - a potion of cancellation {unknown}
 r - a potion of curing {unknown}
Comestibles
 f - 5 rations


   Skills:
 + Level 4.1 Fighting
 * Level 5.6 Long Blades
 - Level 1.7 Throwing
 + Level 4.3 Dodging


You had 6 spell levels left.
You didn't know any spells.
Your spell library was empty.

Dungeon Overview and Level Annotations

Branches:
Dungeon (3/15)

Altars:


Innate Abilities, Weirdness & Mutations

You have a pair of small horns on your head.
You are slightly more attuned to the shadows.
You are partially covered in sharp spines.


Message History

The orc hits you from afar with a +0 trident.
The orc priest invokes the aid of Beogh against you.
Beogh smites you!
* * * LOW HITPOINT WARNING * * *
The orc is struck by your spines.
You kill the orc!
You hit the orc priest but do no damage.
The orc priest is severely wounded.
The orc priest closely misses you.
You riposte.
You barely miss the orc priest.
The orc priest is severely wounded.
The orc hits you from afar with a +0 trident.
* * * LOW HITPOINT WARNING * * *
The orc hits you but does no damage.
You hit the orc priest but do no damage.
Your headbutt misses the orc priest.
The orc priest is severely wounded.
The orc misses you.
The orc priest invokes the aid of Beogh against you.
Beogh smites you!
You die...

...... ...... .%....
..... .o. #o####
#o@..# ####.# ####.#
#....# #.#### #.#
#######.####
#########..........#
.........).....>...#
#########..........#


You could see an orc priest and 2 orcs.

Vanquished Creatures
  Grinder (D:3)
  Sigmund (D:2)
  Jessica (D:3)
  A worker ant (D:2)
  Robin (D:3)
  7 adders
  4 worms
  3 dart slugs
  A leopard gecko (D:1)
  5 orcs (D:3)
  9 bats
  2 giant cockroaches
  10 hobgoblins
  3 jackals (D:1)
  5 frilled lizards
  13 goblins
  10 kobolds
  6 rats
83 creatures vanquished.

Notes
Turn   | Place    | Note
-------+----------+-------------------------------------------
     0 | D:1      | Voker57 the Demonspawn Gladiator began the quest for the
                  | Orb.
     0 | D:1      | Reached XP level 1. HP: 16/16 MP: 1/1
   151 | D:1      | Reached skill level 3 in Long Blades
   189 | D:1      | Gained mutation: You are partially covered in sharp spines.
                  | [demonic ancestry]
   189 | D:1      | Reached XP level 2. HP: 17/22 MP: 2/2
   967 | D:2      | Gained mutation: You are slightly more attuned to the
                  | shadows. [demonic ancestry]
   967 | D:2      | Reached XP level 3. HP: 28/28 MP: 3/3
  1050 | D:2      | Noticed Sigmund
  1065 | D:2      | Killed Sigmund
  1065 | D:2      | Reached skill level 4 in Long Blades
  1065 | D:2      | Reached XP level 4. HP: 20/35 MP: 4/4
  1065 | D:2      | Gained mutation: You have a pair of small horns on your
                  | head. [demonic ancestry]
  1065 | D:2      | Reached XP level 5. HP: 23/41 MP: 5/5
  2091 | D:3      | Reached XP level 6. HP: 44/47 MP: 6/6
  2264 | D:3      | Noticed Robin
  2264 | D:3      | Noticed Grinder
  2267 | D:3      | Noticed Jessica
  2289 | D:3      | Killed Jessica
  2294 | D:3      | Killed Robin
  2294 | D:3      | Reached skill level 5 in Long Blades
  2303 | D:3      | Killed Grinder
  2303 | D:3      | Reached XP level 7. HP: 14/54 MP: 7/7
  2614 | D:3      | HP: 2/54 [orc/+0 trident (5)]
  2615 | D:3      | Killed from afar by an orc priest

Levels and vault maps discovered:
D:1:      evilmike_arrival_rings, layout_basic
D:2:      layout_basic, uniq_sigmund
D:3:      layout_basic, kennysheep_potato, uniq_robin, uniq_crazy_yiuf_cottage,
          uniq_grinder, uniq_jessica

Skill      XL: |  1  2  3  4  5  6 |
---------------+-------------------+-----
Long Blades    | 3 4 5 |  5.6
Dodging        | 3 4 |  4.3
Fighting       | 3 4 |  4.1
Throwing       | |  1.7

Action                   |  1- 3 |  4- 6 |  7- 9 || total
-------------------------+-------+-------+-------++-------
Melee: Long sword        |    61 |    74 |    17 ||   152
       Headbutt          |       |    24 |     5 ||    29
       Dagger            |       |     5 |       ||     5
Throw: Throwing net      |     4 |       |       ||     4
  Use: Potion            |     2 |     1 |       ||     3
 Stab: Sleeping          |       |     3 |       ||     3
  Eat: Chunk             |       |     4 |     1 ||     5
Armor: Leather armour    |    19 |    11 |     3 ||    33
Dodge: Dodged            |    32 |    42 |    14 ||    88
       Rpst.: Long sword |    13 |     9 |     4 ||    26

Table legend:
 A = Non-vault XP
 B = Vault XP
 C = Vault XP percentage of total XP
 D = Non-vault monster count
 E = Vault monster count
 F = Vault count percentage of total count
                 A         B        C        D         E       F
            +---------+---------+-------+---------+---------+-------
      Total |     248 |     541 |  68.6 |      65 |      18 |  21.7
            +---------+---------+-------+---------+---------+-------
        D:1 |      40 |       0 |   0.0 |      25 |       0 |   0.0
        D:2 |      87 |     197 |  69.4 |      19 |       1 |   5.0
        D:3 |     121 |     344 |  74.0 |      21 |      17 |  44.7
            +---------+---------+-------+---------+---------+-------
